[Event "Early Titled Tuesday Blitz | February 8 2022"]
[White "Przybylski, Wojciech"]
[Black "Allahverdiyeva, Ayan"]
[WhiteFideId "1117599"]
[BlackFideId "13412590"]
[WhiteElo "2133"]
[BlackElo "1910"]
[Result "0-1"]
[Round "11"]
[TimeControl "180+1"]
[Date "2022.02.08"]
[WhiteClock "0:00:01"]
[BlackClock "0:00:19"]

1. d4 Nf6 2. c4 e6 3. Nc3 Bb4 4. f3 d5 5. cxd5 exd5 6. e3 O-O 7. Bd3 c5 8. Ne2 Nc6 9. O-O c4 10. Bc2 Re8 11. Bd2 Ba5 12. Rc1 a6 13. Nf4 b5 14. g4 Bc7 15. Nce2 Qd6 16. Ng3 g6 17. Rf2 a5 18. Qf1 b4 19. Re1 a4 20. Bc1 b3 21. Bb1 Ba5 22. Rd1 Ba6 23. Qg2 c3 24. bxc3 Bxc3 25. Nd3 Bc4 26. a3 Rab8 27. Nb2 Bb5 28. h4 Qxa3 29. g5 Nd7 30. h5 Nf8 31. Nf5 gxf5 32. Bxf5 Ne7 33. Bb1 Qd6 34. Nd3 a3 35. Ne5 a2 36. Bxa2 bxa2 37. Rxa2 Bc4 38. Rf2 Rb1 39. Ng4 Kh8 0-1


[Site "https://www.chess.com"]

[Event "Early Titled Tuesday Blitz | February 8 2022"]
[White "Qashashvili, Alexandre"]
[Black "Haukenfrers, Dale"]
[WhiteFideId "13600842"]
[BlackFideId "2603780"]
[WhiteElo "2316"]
[BlackElo "2007"]
[Result "1-0"]
[Round "11"]
[TimeControl "180+1"]
[Date "2022.02.08"]
[WhiteClock "0:00:36"]
[BlackClock "0:01:43"]

1. e4 c6 2. d4 d5 3. Nc3 dxe4 4. Nxe4 Nf6 5. Nxf6+ exf6 6. Nf3 Bf5 7. Be3 Qb6 8. Qc1 Bd6 9. c3 O-O 10. Be2 Re8 11. O-O Nd7 12. Re1 Rab8 13. Bf4 c5 14. Bxd6 Qxd6 15. dxc5 Qxc5 16. Qf4 g5 17. Qc4 Be6 18. Qxc5 Nxc5 19. Nd4 Kg7 20. h3 a6 21. Bf3 Kg6 22. Rad1 b5 23. b3 Rbc8 24. g4 f5 25. gxf5+ Bxf5 26. Nxf5 Kxf5 27. Bg4+ Kf4 28. Bxc8 Rxc8 29. Rd5 a5 30. Kg2 b4 31. cxb4 axb4 32. Rc1 g4 33. Rcxc5 gxh3+ 34. Kxh3 h5 35. Rxc8 f5 36. Rc4+ Kg5 37. f4+ Kf6 38. Rc6+ Ke7 39. Ra5 h4 40. Ra7+ Kd8 41. Rh6 Kc8 42. Rh8# 1-0


[Site "https://www.chess.com"]

[Event "Early Titled Tuesday Blitz | February 8 2022"]
[White "Quintiliano Pinto, Renato R."]
[Black "Khamzin, Olzhas"]
[WhiteFideId "2117568"]
[BlackFideId "13701690"]
[WhiteElo "2439"]
[BlackElo "2194"]
[Result "1-0"]
[Round "11"]
[TimeControl "180+1"]
[Date "2022.02.08"]
[WhiteClock "0:00:27"]
[BlackClock "0:00:19"]

1. d4 Nf6 2. Nf3 e6 3. Bf4 b6 4. e3 Bb7 5. h3 d6 6. Be2 Nbd7 7. O-O h6 8. Bh2 Be7 9. c4 g5 10. Nc3 g4 11. hxg4 Nxg4 12. d5 e5 13. Nd2 Nxh2 14. Kxh2 Nf6 15. e4 h5 16. Re1 Bc8 17. Nf1 Ng4+ 18. Kg1 Bh4 19. Bxg4 Bxg4 20. Qd3 Qf6 21. Ng3 Bg5 22. b4 h4 23. Nf5 h3 24. g3 h2+ 25. Kh1 Bd2 26. Nb5 Bxe1 27. Rxe1 Kd7 28. c5 a6 29. Nc3 bxc5 30. bxc5 Rhb8 31. f3 Bxf5 32. exf5 Rb2 33. cxd6 Qxd6 34. Ne4 Qb6 35. Qc3 f6 36. Nxf6+ Kc8 37. Ne4 Kb7 38. Nc5+ Ka7 39. Na4 Qb4 40. Qxc7+ Qb7 41. Qc5+ Rb6 42. Rb1 Rb8 43. Rxb6 Qxb6 44. Qxb6+ Rxb6 45. Nxb6 Kxb6 46. f6 Kc5 47. f7 e4 48. f8=Q+ Kd4 49. fxe4 Kd3 50. Qf3+ 1-0


[Site "https://www.chess.com"]

[Event "Early Titled Tuesday Blitz | February 8 2022"]
[White "Rodchenkov, Sergey D."]
[Black "Petesch, Gabriel"]
[WhiteFideId "4168712"]
[BlackFideId "2032465"]
[WhiteElo "2306"]
[BlackElo "2374"]
[Result "1-0"]
[Round "11"]
[TimeControl "180+1"]
[Date "2022.02.08"]
[WhiteClock "0:00:22"]
[BlackClock "0:00:21"]

1. e4 e6 2. d4 d5 3. Nc3 dxe4 4. Nxe4 Nf6 5. Nxf6+ Qxf6 6. Nf3 c5 7. Bg5 Qf5 8. dxc5 f6 9. Bd3 Qg4 10. Be3 Qxg2 11. Rg1 Qh3 12. Qe2 Qh5 13. O-O-O Nc6 14. Be4 Bd7 15. Rxd7 Kxd7 16. Qb5 Kc7 17. Nd4 Qe8 18. Nxc6 bxc6 19. Qa5+ Kb7 20. b4 Rc8 21. b5 Kb8 22. bxc6 Rxc6 23. Qb5+ Kc7 24. Bd2 Bxc5 25. Rxg7+ Kd6 26. Bf4+ e5 27. Qd3+ Ke6 28. Qd5# 1-0


[Site "https://www.chess.com"]

[Event "Early Titled Tuesday Blitz | February 8 2022"]
[White "Rostovtsev, Dmitry"]
[Black "Pantzar, Milton"]
[WhiteFideId "34278320"]
[BlackFideId "1721003"]
[WhiteElo "2218"]
[BlackElo "2340"]
[Result "1-0"]
[Round "11"]
[TimeControl "180+1"]
[Date "2022.02.08"]
[WhiteClock "0:02:12"]
[BlackClock "0:01:48"]

1. e4 c6 2. Nc3 d5 3. Nf3 dxe4 4. Nxe4 Nf6 5. Qe2 Nxe4 6. Qxe4 Qd5 7. Qf4 Qf5 8. Qe3 Qe6 9. b3 Qxe3+ 10. fxe3 f6 11. Bb2 e5 12. O-O-O Bf5 13. Rg1 Nd7 14. g4 Be4 15. Bg2 Bd6 16. g5 Kf7 17. Nxe5+ Bxe5 18. Bxe4 Bxb2+ 19. Kxb2 a5 20. h4 a4 21. h5 a3+ 22. Kb1 Rae8 23. Bxh7 Ne5 24. Rdf1 Ke7 25. gxf6+ gxf6 26. Rg7+ Ke6 27. Bf5+ Kd6 28. d4 1-0


[Site "https://www.chess.com"]

[Event "Early Titled Tuesday Blitz | February 8 2022"]
[White "Rudzinska, Michalina"]
[Black "Estrada Nieto, Julian"]
[WhiteFideId "1172883"]
[BlackFideId "5101018"]
[WhiteElo "1904"]
[BlackElo "2246"]
[Result "0-1"]
[Round "11"]
[TimeControl "180+1"]
[Date "2022.02.08"]
[WhiteClock "0:00:04"]
[BlackClock "0:00:31"]

1. h3 d5 2. b3 Nf6 3. Bb2 Nc6 4. Nf3 e6 5. d4 a5 6. a3 Bd6 7. e3 O-O 8. Bd3 Qe7 9. Ne5 Bxe5 10. dxe5 Nd7 11. f4 Qh4+ 12. Kd2 Nc5 13. Nc3 Rd8 14. Kc1 Nxd3+ 15. Qxd3 d4 16. Ne4 dxe3 17. Qxe3 Ne7 18. g4 Nd5 19. Qf3 Bd7 20. Kb1 Bc6 21. Ka2 a4 22. g5 Qxf4 23. Qxf4 Nxf4 24. Rhe1 axb3+ 25. cxb3 Nxh3 26. Re3 Bxe4 27. Rxh3 Rd3 28. Rxd3 Bxd3 29. Rd1 Bb5 30. Rc1 Bc6 31. b4 Bd5+ 32. Kb1 c6 33. Bd4 h6 34. gxh6 gxh6 35. Rc3 Kh7 36. Rh3 Rg8 37. Kb2 Rg4 38. Kc3 Kg6 39. a4 h5 40. b5 h4 41. b6 Rg3+ 42. Rxg3+ hxg3 43. Bc5 Kf5 44. a5 Kxe5 45. a6 bxa6 46. b7 g2 47. b8=Q+ Kf5 48. Qg8 f6 49. Qh7+ Ke5 50. Bd4+ Kd6 0-1


[Site "https://www.chess.com"]

[Event "Early Titled Tuesday Blitz | February 8 2022"]
[White "Saim, Mohamed Ilias"]
[Black "Bongo Akanga Ndjila, Barthelemy"]
[WhiteFideId "7900465"]
[BlackFideId "10609431"]
[WhiteElo "2006"]
[BlackElo "1803"]
[Result "1-0"]
[Round "11"]
[TimeControl "180+1"]
[Date "2022.02.08"]
[WhiteClock "0:00:09"]
[BlackClock "0:00:11"]

1. d4 d6 2. Nf3 g6 3. c4 Bg7 4. e3 Nf6 5. Be2 O-O 6. Bf1 c5 7. Be2 cxd4 8. exd4 Nc6 9. O-O Ne4 10. Nc3 Nxc3 11. bxc3 Qa5 12. Qc2 Bf5 13. Bd3 Bg4 14. Ng5 h6 15. Ne4 Rac8 16. Be3 Qd8 17. a4 Na5 18. f3 Bf5 19. c5 d5 20. Ng3 Bxd3 21. Qxd3 Nc4 22. Rab1 b6 23. Ne2 bxc5 24. Rb7 Nxe3 25. Qxe3 cxd4 26. Nxd4 e5 27. Nb5 d4 28. cxd4 exd4 29. Qd3 a6 30. Na7 Rc3 31. Qxa6 d3 32. Nc6 Qd6 33. Ne7+ Kh7 34. Qxd6 Ra3 35. Rd1 Ra2 36. Qxd3 Re8 37. Qd7 Ra8 38. Ra7 Rf8 39. Nd5 Rc2 40. Qe7 Rcc8 41. Nf6+ Kh8 42. Nd7 Rg8 43. Qxf7 Kh7 44. Nf6+ Kh8 45. Nxg8 Rxg8 46. Re7 h5 47. Rdd7 Kh7 48. Qxg7+ Rxg7 49. Rxg7+ Kh6 50. Rh7+ Kg5 51. Rd5+ Kf6 52. a5 Ke6 53. a6 Kxd5 54. a7 Ke5 55. a8=Q Kf6 56. Qh8+ Kg5 57. Rg7 h4 58. f4+ Kxf4 59. Qxh4+ Kf5 60. Qh6 Ke4 61. Qxg6+ 1-0


[Site "https://www.chess.com"]

[Event "Early Titled Tuesday Blitz | February 8 2022"]
[White "Samaganova, Aleksandra"]
[Black "Kornyukov, Alexey"]
[WhiteFideId "13800221"]
[BlackFideId "4150457"]
[WhiteElo "1859"]
[BlackElo "2303"]
[Result "1/2-1/2"]
[Round "11"]
[TimeControl "180+1"]
[Date "2022.02.08"]
[WhiteClock "0:00:07"]
[BlackClock "0:00:41"]

1. e4 c5 2. Nf3 Nc6 3. d4 cxd4 4. Nxd4 e5 5. Nxc6 bxc6 6. c4 Nf6 7. Bd3 Bb4+ 8. Bd2 Bxd2+ 9. Nxd2 O-O 10. O-O d5 11. cxd5 cxd5 12. exd5 Qxd5 13. Bc4 Qd8 14. Nb3 Bg4 15. Qxd8 Rfxd8 16. h3 Be6 17. Bxe6 fxe6 18. Rfe1 Rd5 19. Rac1 Rad8 20. Rc7 Rd1 21. Rxd1 Rxd1+ 22. Kh2 Rb1 23. Rxa7 Rxb2 24. Nc5 Rxf2 25. Nxe6 e4 26. Rxg7+ Kh8 27. Re7 e3 28. Nd4 Nd5 29. Re5 Nf4 30. Rxe3 Rxg2+ 31. Kh1 Rxa2 32. Nf5 Ra1+ 33. Kh2 Ra2+ 34. Kg3 Nh5+ 35. Kh4 Ng7 36. Nh6 Ra4+ 37. Kg3 Nh5+ 38. Kg2 Kg7 39. Nf5+ Kf6 40. Ng3 Nf4+ 41. Kf3 Ng6 42. Nh5+ Kg5 43. Ng3 Nh4+ 44. Kf2 Rf4+ 45. Kg1 Ra4 46. Ne2 Ra1+ 47. Kf2 Ra8 48. Rg3+ Kh6 49. Rg4 Rf8+ 50. Kg1 Nf3+ 51. Kg2 Ne1+ 52. Kg1 Nf3+ 53. Kg2 Ne1+ 54. Kg1 Nf3+ 1/2-1/2


[Site "https://www.chess.com"]

[Event "Early Titled Tuesday Blitz | February 8 2022"]
[White "Samarth, J Rao"]
[Black "Manon-og, Ramon Jr."]
[WhiteFideId "46652370"]
[BlackFideId "5200776"]
[WhiteElo "1514"]
[BlackElo "2330"]
[Result "0-1"]
[Round "11"]
[TimeControl "180+1"]
[Date "2022.02.08"]
[WhiteClock "0:00:44"]
[BlackClock "0:01:16"]

1. e4 c5 2. Nc3 d6 3. g3 Nf6 4. Bg2 g6 5. d3 Bg7 6. f3 O-O 7. Be3 Nc6 8. Qd2 Nd4 9. Nge2 e5 10. h4 h5 11. Nd1 Be6 12. c3 Nc6 13. O-O b6 14. Bh6 d5 15. Bxg7 Kxg7 16. Qc2 dxe4 17. dxe4 Qe7 18. Ne3 Rad8 19. Rad1 Rxd1 20. Rxd1 Rd8 21. b3 Qb7 22. Rxd8 Nxd8 23. Qd1 Qa6 24. Bf1 Nb7 25. Qd2 Qa3 26. Kh2 a5 27. Nc1 a4 28. Bc4 axb3 29. axb3 Bd7 30. Nc2 Qb2 31. Nd3 Qb1 32. Nxe5 b5 33. Bxf7 Qf1 34. Nxd7 Nxd7 35. Ne1 Ne5 36. Bd5 Nd6 37. Qe3 Qxe1 38. Qxe1 Nxf3+ 39. Kh3 Nxe1 40. b4 cxb4 41. cxb4 Nd3 42. Bc6 Kf6 43. g4 Ke5 44. gxh5 gxh5 0-1


[Site "https://www.chess.com"]

[Event "Early Titled Tuesday Blitz | February 8 2022"]
[White "Samunenkov, Ihor"]
[Black "Bodnaruk, Anastasia"]
[WhiteFideId "14187086"]
[BlackFideId "4181751"]
[WhiteElo "2406"]
[BlackElo "2393"]
[Result "0-1"]
[Round "11"]
[TimeControl "180+1"]
[Date "2022.02.08"]
[WhiteClock "0:00:04"]
[BlackClock "0:00:07"]

1. e4 c5 2. Nf3 d6 3. d4 cxd4 4. Nxd4 Nf6 5. Nc3 a6 6. h3 e5 7. Nde2 h5 8. g3 Be6 9. Bg2 Nbd7 10. a4 Rc8 11. O-O Be7 12. b3 h4 13. g4 Nh7 14. f4 exf4 15. Bxf4 Ne5 16. Nd5 Bg5 17. Nd4 Bxd5 18. exd5 Bxf4 19. Rxf4 g6 20. c4 Ng5 21. Qd2 O-O 22. Raf1 Re8 23. Rf6 Nh7 24. R6f2 Qg5 25. Rf4 Rc7 26. Qc3 Rce7 27. Kh1 Nd7 28. Qb4 Nc5 29. Qb6 Qe5 30. b4 Nxa4 31. Qa5 Nb2 32. c5 Nc4 33. Qa2 Ne3 34. Re4 Qg3 35. Rxe7 Rxe7 36. cxd6 Qxd6 37. Re1 Qg3 38. Qd2 Ng5 39. Rg1 Nxg2 40. Qxg2 Qxh3+ 41. Qxh3 Nxh3 42. Rc1 Nf4 43. d6 Rd7 44. Rc8+ Kg7 45. Rc7 Rxd6 46. Nf3 h3 47. Ng5 Rd1+ 48. Kh2 Rd2+ 49. Kg3 h2 50. Rxf7+ Kh6 51. Nf3 Rg2+ 52. Kxf4 h1=Q 53. g5+ Rxg5 54. Nxg5 Qh4+ 55. Ke5 Qxg5+ 56. Ke6 Qe3+ 57. Kd6 Qd4+ 58. Kc7 Qxb4 59. Kb8 Qc4 60. Rxb7 g5 61. Rb6+ Kh5 62. Kb7 g4 63. Rxa6 Kh4 64. Rh6+ Kg5 65. Rh8 g3 66. Ka8 Qa4+ 67. Kb8 Qb3+ 68. Ka8 Qa2+ 69. Kb7 Qb2+ 70. Ka7 Qxh8 0-1


[Site "https://www.chess.com"]

[Event "Early Titled Tuesday Blitz | February 8 2022"]
[White "Sarana, Alexey"]
[Black "Sanal, Vahap"]
[WhiteFideId "24133795"]
[BlackFideId "6300545"]
[WhiteElo "2665"]
[BlackElo "2603"]
[Result "1-0"]
[Round "11"]
[TimeControl "180+1"]
[Date "2022.02.08"]
[WhiteClock "0:00:13"]
[BlackClock "0:00:02"]

1. d4 Nf6 2. c4 e6 3. Nc3 Bb4 4. e3 c5 5. Bd3 Bxc3+ 6. bxc3 Nc6 7. Ne2 d6 8. O-O e5 9. d5 Ne7 10. Ng3 Ng6 11. f4 exf4 12. exf4 Kd7 13. Nf5 Rg8 14. g4 Kc7 15. g5 Ne8 16. Ng3 Bd7 17. Qh5 b6 18. Bd2 Rh8 19. Rae1 Kb7 20. Re2 Nc7 21. Rfe1 Qf8 22. Be4 Re8 23. Bg2 h6 24. f5 hxg5 25. Qxg5 Rxe2 26. Rxe2 Nh4 27. Re7 Kc8 28. f6 gxf6 29. Qxf6 Ne8 30. Qxf7 Qxf7 31. Rxf7 Ng6 32. Bf4 Rh4 33. Ne2 Rg4 34. Kf2 Rh4 35. Be4 Nxf4 36. Nxf4 Rxh2+ 37. Ke3 Rxa2 38. Ne6 Ra1 39. Bf5 Re1+ 40. Kf2 Re5 41. Bg4 Nc7 42. Rf8+ Ne8 43. Bf5 a5 44. Bg6 a4 45. Bxe8 Bxe8 46. Rxe8+ Kb7 47. Re7+ Kb8 48. Re8+ Ka7 49. Re7+ Kb8 50. Rh7 Re4 51. Rh8+ Ka7 52. Rh7+ Kb8 53. Nc7 a3 54. Nb5 a2 55. Ra7 Rxc4 56. Rxa2 Rf4+ 57. Ke3 Rf5 58. c4 Rf6 59. Rg2 Rh6 60. Rg8+ Kb7 61. Rg7+ Kb8 62. Re7 Rh3+ 63. Ke4 Rh4+ 64. Kf5 Rxc4 65. Ke6 Re4+ 66. Kxd6 Rb4 67. Kc6 1-0


[Site "https://www.chess.com"]

[Event "Early Titled Tuesday Blitz | February 8 2022"]
[White "Seo, Jung Min"]
[Black "Sadhwani, Raunak"]
[WhiteFideId "1734687"]
[BlackFideId "35093487"]
[WhiteElo "2401"]
[BlackElo "2616"]
[Result "0-1"]
[Round "11"]
[TimeControl "180+1"]
[Date "2022.02.08"]
[WhiteClock "0:01:49"]
[BlackClock "0:02:27"]

1. d4 Nf6 2. Nf3 g6 3. g3 Bg7 4. Bg2 O-O 5. O-O d6 6. Nc3 Nbd7 7. e4 e5 8. Re1 Re8 9. dxe5 dxe5 10. a4 c6 11. b3 Qc7 12. Ba3 Bf8 13. Bxf8 Nxf8 14. a5 Bg4 15. Qc1 Bxf3 16. Bxf3 Ne6 17. Ne2 Rad8 18. Qe3 a6 19. Bg2 Qe7 20. Red1 Kg7 21. f3 h5 22. h4 Rxd1+ 23. Rxd1 Rd8 24. Rxd8 Qxd8 25. Qc3 Qd1+ 26. Bf1 Qd6 27. Kf2 Nc5 28. Nc1 Ncxe4+ 0-1


[Site "https://www.chess.com"]

[Event "Early Titled Tuesday Blitz | February 8 2022"]
[White "Shimelkov, Vasiliy"]
[Black "Molina, Roberto Junio Brito"]
[WhiteFideId "13701630"]
[BlackFideId "2109450"]
[WhiteElo "2073"]
[BlackElo "2402"]
[Result "1/2-1/2"]
[Round "11"]
[TimeControl "180+1"]
[Date "2022.02.08"]
[WhiteClock "0:00:46"]
[BlackClock "0:00:46"]

1. d4 c6 2. c4 d5 3. Nf3 Nf6 4. Nc3 dxc4 5. a4 Bf5 6. e3 e6 7. Bxc4 Bb4 8. O-O O-O 9. Qe2 Nbd7 10. e4 Bg6 11. e5 Nd5 12. Nxd5 cxd5 13. Bd3 Re8 14. Bg5 Be7 15. Bxg6 Bxg5 16. Nxg5 Qxg5 17. Bd3 a6 18. f4 Qe7 19. f5 exf5 20. Bxf5 Nf8 21. Rae1 Qb4 22. Qg4 Re7 23. Re3 g6 24. Rg3 Qxa4 25. h4 Ne6 26. Bxe6 Rxe6 27. h5 Qb4 28. h6 Qe7 29. Rgf3 Rf8 30. Rf6 Rxf6 31. Rxf6 Qb4 32. Rd6 Qxb2 33. Qf4 Qb1+ 34. Kh2 Qf5 35. Qxf5 gxf5 36. Rxd5 Rb8 37. Rd7 b5 38. Ra7 b4 39. Rxa6 b3 40. Ra1 b2 41. Rb1 Kf8 42. Kg3 Ke7 43. d5 Rb4 44. Kf3 f6 45. e6 Kd6 46. Ke3 Kxd5 47. e7 Re4+ 48. Kf3 Rxe7 49. Rxb2 Ke6 50. Re2+ Kf7 51. Rxe7+ Kxe7 52. Kf4 Ke6 53. g3 Ke7 54. Kxf5 Kf7 55. g4 Ke7 56. g5 fxg5 57. Kxg5 Ke6 58. Kh5 Kf5 59. Kh4 Kf6 60. Kh5 Kf5 61. Kh4 Kg6 62. Kg4 Kxh6 63. Kh4 Kg6 64. Kg4 h5+ 65. Kh4 Kh6 66. Kh3 Kg5 67. Kg3 h4+ 68. Kh3 Kh5 69. Kh2 Kg4 70. Kg2 h3+ 71. Kh2 Kh4 72. Kh1 Kg3 73. Kg1 Kg4 74. Kh2 Kh4 75. Kh1 Kg5 76. Kh2 Kf4 77. Kh1 Kf5 78. Kh2 Kg4 79. Kh1 Kg3 80. Kg1 h2+ 81. Kh1 Kh3 1/2-1/2


[Site "https://www.chess.com"]

[Event "Early Titled Tuesday Blitz | February 8 2022"]
[White "Shkapenko, Pavel"]
[Black "Jakubowski, Krzysztof"]
[WhiteFideId "4151933"]
[BlackFideId "1112848"]
[WhiteElo "2386"]
[BlackElo "2365"]
[Result "1-0"]
[Round "11"]
[TimeControl "180+1"]
[Date "2022.02.08"]
[WhiteClock "0:00:20"]
[BlackClock "0:00:02"]

1. e4 e5 2. Nf3 Nc6 3. Bc4 Bc5 4. c3 Nf6 5. d4 exd4 6. b4 Bb6 7. e5 d5 8. exf6 dxc4 9. Qe2+ Be6 10. b5 d3 11. Qe4 Na5 12. fxg7 Rg8 13. Qxh7 Kd7 14. Ne5+ Kd6 15. Bf4 Kc5 16. Na3 Qd5 17. O-O f6 18. Nf3 Bf5 19. Qh6 Qf7 20. Nd4 Qg6 21. Rfe1 Rxg7 22. Qxg6 Rxg6 23. Nxf5 Rg4 24. g3 Rxf4 25. gxf4 Rg8+ 26. Ng3 Kd5 27. Kg2 Bc5 28. Nb1 c6 29. bxc6 Nxc6 30. Nd2 b5 31. Ne4 Be7 32. a3 a6 33. Kf3 Rh8 34. Nf5 Bd8 35. Ne3+ Ke6 36. f5+ Kf7 37. Ng4 Be7 38. Rh1 Na5 39. h4 Nb3 40. Rad1 Bxa3 41. h5 a5 42. h6 a4 43. Ngxf6 1-0


[Site "https://www.chess.com"]

[Event "Early Titled Tuesday Blitz | February 8 2022"]
[White "Shton, Roman"]
[Black "Aaditya Dhingra"]
[WhiteFideId "14137461"]
[BlackFideId "25678191"]
[WhiteElo "2038"]
[BlackElo "1789"]
[Result "0-1"]
[Round "11"]
[TimeControl "180+1"]
[Date "2022.02.08"]
[WhiteClock "0:02:59"]
[BlackClock "0:02:33"]

1. d4 d5 2. Nf3 Nf6 3. g3 e6 4. Bg2 b5 5. O-O Bb7 6. Qd3 a6 7. a4 b4 8. c4 bxc3 9. Qc4 dxc4 10. Nxc3 Nbd7 11. Bf4 Bd6 12. Bg5 h6 0-1


[Site "https://www.chess.com"]

[Event "Early Titled Tuesday Blitz | February 8 2022"]
[White "Shtyka, Sergey"]
[Black "Komiagina, Maria"]
[WhiteFideId "4138465"]
[BlackFideId "4153987"]
[WhiteElo "2014"]
[BlackElo "1945"]
[Result "1-0"]
[Round "11"]
[TimeControl "180+1"]
[Date "2022.02.08"]
[WhiteClock "0:00:26"]
[BlackClock "0:00:40"]

1. e4 c5 2. Nf3 d6 3. d4 cxd4 4. Nxd4 Nf6 5. Nc3 a6 6. Bc4 e6 7. O-O b5 8. Bd3 Qb6 9. Be3 Qb7 10. a3 Nbd7 11. f4 Nc5 12. e5 Nfd7 13. b4 Nxd3 14. cxd3 dxe5 15. fxe5 Nxe5 16. Qh5 Ng6 17. Ne4 Be7 18. Nb3 O-O 19. Nbc5 Qd5 20. Qxd5 exd5 21. Nc3 Be6 22. Bd4 Rfd8 23. Rae1 Bxc5 24. Bxc5 h6 25. g3 Rd7 26. Ne2 Bh3 27. Rf2 Ne5 28. Rd1 Bg4 29. Kg2 Re8 30. h3 Bh5 31. g4 Bg6 32. Nf4 d4 33. Re2 Rdd8 34. Rde1 1-0


[Site "https://www.chess.com"]

[Event "Early Titled Tuesday Blitz | February 8 2022"]
[White "Shuvalov, Evgenij"]
[Black "Golubka, Petro"]
[WhiteFideId "4187237"]
[BlackFideId "14114224"]
[WhiteElo "2119"]
[BlackElo "2392"]
[Result "0-1"]
[Round "11"]
[TimeControl "180+1"]
[Date "2022.02.08"]
[WhiteClock "0:00:25"]
[BlackClock "0:00:48"]

1. Nf3 Nf6 2. c4 c6 3. g3 d5 4. Bg2 e6 5. b3 Nbd7 6. Bb2 Be7 7. O-O O-O 8. d3 a6 9. Nbd2 c5 10. e3 b5 11. Qe2 Bb7 12. Rfd1 Qb6 13. Rac1 Rfd8 14. Ba1 Rac8 15. d4 b4 16. cxd5 exd5 17. dxc5 Nxc5 18. Bd4 Qa5 19. Bh3 Ne6 20. Bxe6 fxe6 21. Ng5 Qxa2 22. Nxe6 Rxc1 23. Rxc1 Rc8 24. Ra1 Qc2 25. Nf4 Kf7 26. Rxa6 Bxa6 27. Qxa6 Rc6 28. Qb7 Rc7 29. Qa6 Qc6 30. Qd3 Qc1+ 31. Kg2 Qc2 32. Qa6 Qxd2 33. Qe6+ Kf8 34. g4 Rc2 35. Nh3 h6 36. g5 hxg5 37. Qf5 Qe2 38. Bxf6 gxf6 39. Nxg5 Qxf2+ 40. Qxf2 Rxf2+ 41. Kxf2 fxg5 42. Ke2 Kf7 43. h3 Ke6 44. Kf3 Kf5 45. Kf2 Ke4 46. Ke2 Bd8 0-1


[Site "https://www.chess.com"]

[Event "Early Titled Tuesday Blitz | February 8 2022"]
[White "Shuvalova, Polina"]
[Black "Lopez Mulet, Inigo"]
[WhiteFideId "24171760"]
[BlackFideId "22235620"]
[WhiteElo "2355"]
[BlackElo "2315"]
[Result "1/2-1/2"]
[Round "11"]
[TimeControl "180+1"]
[Date "2022.02.08"]
[WhiteClock "0:00:09"]
[BlackClock "0:00:14"]

1. e4 g6 2. d4 Bg7 3. Nc3 c5 4. Be3 Qa5 5. dxc5 Bxc3+ 6. bxc3 Qxc3+ 7. Bd2 Qxc5 8. Nf3 Nf6 9. Bd3 Nc6 10. O-O O-O 11. Be3 Qh5 12. Be2 Qa5 13. Bd2 Qc7 14. Bd3 d6 15. h3 b6 16. Bg5 Nd7 17. Qd2 Nde5 18. Nxe5 dxe5 19. Qe3 Nd4 20. Qg3 Ne6 21. Bh6 Rd8 22. Rae1 Bb7 23. Kh1 a5 24. Rb1 a4 25. Be3 Nc5 26. f4 Nxd3 27. cxd3 Rxd3 28. Qf2 Bxe4 29. fxe5 Bf5 30. Rxb6 Qxe5 31. Bf4 Qd5 32. Kg1 a3 33. Rfb1 Rd8 34. R1b5 Rd1+ 35. Kh2 Qd3 36. Rb8 Qe4 37. Rxd8+ Rxd8 38. Re5 Qc2 39. Qxc2 Bxc2 40. Rxe7 Bb1 41. Re3 Bxa2 42. Rxa3 Bd5 43. Be5 Re8 44. Bf6 Re6 45. Bh4 Kg7 46. Rd3 Bc6 47. Rd2 h6 48. Bg3 g5 49. Bf2 Kg6 50. Kg3 f5 51. Bc5 f4+ 52. Kf2 Kf5 53. Rd8 Ke4 54. Rd4+ Ke5 55. Rd8 Bd5 56. Bb4 Ke4 57. Rd6 Rxd6 58. Bxd6 h5 59. Be7 g4 60. hxg4 hxg4 61. Bh4 Kd3 62. Bg5 Ke4 63. Bh4 Kf5 64. Kg1 g3 65. Bd8 Ke4 66. Bc7 Bc4 67. Bb8 Be2 68. Bc7 Ke3 69. Bb8 Bg4 70. Bc7 Bf5 71. Bb8 Be4 72. Bc7 Bd5 73. Bb8 Ke4 74. Bc7 Kf5 75. Bb8 Kg4 76. Bc7 Bc6 77. Bb8 Kg5 78. Bc7 Kf5 79. Bb8 Bb7 80. Bc7 Kg4 81. Bb8 Bc6 82. Bc7 Bd5 83. Bb8 Bc6 84. Bc7 Bxg2 85. Kxg2 f3+ 86. Kf1 Kh3 87. Bxg3 Kxg3 88. Kg1 Kg4 89. Kf2 Kf4 90. Kf1 Ke3 91. Ke1 Ke4 92. Kf2 Kf4 93. Kf1 Kf5 94. Kf2 Ke4 95. Kf1 Ke3 96. Ke1 Kf4 97. Kf2 Kg4 98. Kf1 Kg3 99. Kg1 Kf4 100. Kf2 Ke4 101. Kf1 Ke3 1/2-1/2


[Site "https://www.chess.com"]

[Event "Early Titled Tuesday Blitz | February 8 2022"]
[White "Shyaamnikhil P"]
[Black "Gurevich, Dmitry"]
[WhiteFideId "5024218"]
[BlackFideId "2000407"]
[WhiteElo "2292"]
[BlackElo "2506"]
[Result "1-0"]
[Round "11"]
[TimeControl "180+1"]
[Date "2022.02.08"]
[WhiteClock "0:00:48"]
[BlackClock "0:01:18"]

1. d4 d5 2. Nf3 Nf6 3. c4 e6 4. Nc3 Be7 5. e3 O-O 6. Be2 c5 7. O-O cxd4 8. exd4 dxc4 9. Bxc4 Nc6 10. a3 b6 11. d5 Na5 12. Ba2 exd5 13. Nxd5 Nxd5 14. Bxd5 Bb7 15. Bxb7 Nxb7 16. b4 Bf6 17. Ra2 Qxd1 18. Rxd1 Rfd8 19. Rxd8+ Rxd8 20. Bd2 Nd6 21. Kf1 Nc4 22. Ke2 Nxd2 23. Rxd2 Rxd2+ 24. Kxd2 Kf8 25. Kd3 b5 26. Nd4 a6 27. Nc6 Bb2 28. Ke4 Bxa3 29. Kd5 Ke8 30. Kc5 Kd7 31. Nb8+ Ke6 32. Nxa6 Ke5 33. Kxb5 Kd4 34. Kc6 Kd3 35. b5 Bb2 36. b6 Be5 37. b7 1-0


[Site "https://www.chess.com"]

[Event "Early Titled Tuesday Blitz | February 8 2022"]
[White "Silich, Yahor"]
[Black "Begunov, Konstantin"]
[WhiteFideId "13513656"]
[BlackFideId "4118510"]
[WhiteElo "2101"]
[BlackElo "2262"]
[Result "0-1"]
[Round "11"]
[TimeControl "180+1"]
[Date "2022.02.08"]
[WhiteClock "0:00:01"]
[BlackClock "0:00:18"]

1. e4 c5 2. Nf3 d6 3. Bb5+ Bd7 4. Bxd7+ Qxd7 5. c4 Nf6 6. Nc3 Nc6 7. d4 cxd4 8. Nxd4 Qg4 9. O-O Qxd1 10. Rxd1 Nxd4 11. Rxd4 Rc8 12. b3 g6 13. Rd3 Bg7 14. f3 b5 15. cxb5 Nxe4 16. fxe4 Rxc3 17. Rxc3 Bxc3 18. Rb1 Bd4+ 19. Kf1 Kd7 20. Ke2 Rc8 21. Kd3 e5 22. Bd2 f5 23. exf5 gxf5 24. a4 Ke6 25. Rf1 h5 26. g3 Bb2 27. Be3 e4+ 28. Kd2 Rc7 29. b6 axb6 30. Bxb6 Rc6 31. a5 d5 32. b4 Bc3+ 33. Ke2 Bxb4 34. Rb1 Bc5 35. Bd8 d4 36. Rb7 d3+ 37. Kd2 Kd5 38. Bg5 Kc4 39. Rf7 Bb4+ 40. Kd1 Rc5 41. a6 Ra5 42. Kc1 Bc3 43. Re7 Ra1# 0-1


[Site "https://www.chess.com"]

[Event "Early Titled Tuesday Blitz | February 8 2022"]
[White "Stanisz, Patryk"]
[Black "Roman, Rodrigo"]
[WhiteFideId "1123106"]
[BlackFideId "3701220"]
[WhiteElo "1876"]
[BlackElo "2001"]
[Result "0-1"]
[Round "11"]
[TimeControl "180+1"]
[Date "2022.02.08"]
[WhiteClock "0:00:02"]
[BlackClock "0:01:15"]

1. Nf3 Nf6 2. c4 c5 3. g3 Nc6 4. Bg2 e6 5. O-O Be7 6. Nc3 O-O 7. b3 d5 8. cxd5 exd5 9. d4 b6 10. Bb2 Be6 11. Rc1 Rc8 12. e3 h6 13. Ne5 cxd4 14. exd4 Bd6 15. Nxc6 Rxc6 16. Nb5 Rxc1 17. Qxc1 Bb8 18. Re1 Qd7 19. Nc3 Rc8 20. Qd2 Bd6 21. h4 b5 22. a3 a6 23. Ne2 Bf5 24. Rc1 Ne4 25. Rxc8+ Qxc8 26. Qc1 Qb7 27. Nf4 Nf6 28. Qc3 Be4 29. Nd3 Bxg2 30. Kxg2 Ne4 31. Qc2 Qe7 32. Bc1 Kh7 33. f3 Bxg3 34. Nc5 Qxh4 35. Qb2 Qh2+ 36. Kf1 Qh1+ 37. Ke2 Qg2+ 38. Kd3 Qxf3+ 39. Be3 Qd1+ 40. Bd2 Bf4 0-1


[Site "https://www.chess.com"]